Cogmind - Beta 10.1 @@@ ROGUE MODE // 2020.09.28 @ 17:42:47 // AFD2020/Player2 Player: Minty Result: Destroyed by G-34 Mercenary with Small Laser Performance ------------- Evolutions (0) 0 Regions Visited (1) 200 Robots Destroyed (13) 65 Value Destroyed (205) 205 Prototype IDs (0) 0 Alien Tech Used (0) 0 Bonus (4) 4 TOTAL SCORE: 474 Bonus ------- Follower Combat Kills 64 Friendly Fire -60 Cogmind --------- Core Integrity 0/250 Matter 282/300 Energy 250/250 System Corruption 3% Temperature Cool (60) Movement Core (700) Ox13 Location -10/Materials Parts ------- > --- POWER (1) -------- Ion Engine > --- PROPULSION (2) --- (None) > --- UTILITY (2) ------ High-capacity Storage Unit Hacking Suite > --- WEAPON (2) ------- Small Laser Mining Claw > --- INVENTORY (12) --- Ion Engine Hover Unit Hover Unit Hover Unit Heat Sink Small Laser Peak State ------------ > --- POWER ------------ Ion Engine > --- PROPULSION ------- Wheel Compact Wheel > --- UTILITY ---------- Small Storage Unit Hacking Suite > --- WEAPON ----------- Small Laser Mining Claw > --- INVENTORY -------- Ion Engine Hover Unit Medium Laser [Rating: 9] Favorites ----------- Power Ion Engine Engine Ion Engine Propulsion Wheel Wheel Wheel Utility Small Storage Unit Storage Small Storage Unit Hackware Hacking Suite Weapon Small Laser Energy Gun Small Laser Slashing Weapon Mining Claw Build | -11 -10 ------- Run | Scr Mat Slots Evolved . | . . Power . | . . Propulsion . | . . Utility . | . . Weapon . | . . Parts Attached 16 | 6 10 Power 1 | 1 . Engine 1 | 1 . Core . | . . Reactor . | . . Propulsion 5 | 2 3 Treads . | . . Leg . | . . Wheel 5 | 2 3 Hover . | . . Flight . | . . Utility 3 | 1 2 Device . | . . Storage 2 | 1 1 Processor . | . . Hackware 1 | . 1 Protection . | . . Artifact . | . . Weapon 7 | 2 5 Energy Gun 6 | 2 4 Energy Cannon . | . . Ballistic Gun . | . . Ballistic Cannon . | . . Launcher . | . . Special Weapon . | . . Impact Weapon . | . . Slashing Weapon 1 | . 1 Piercing Weapon . | . . Special Melee Weapon . | . . Unidentified Prototypes . | . . Parts Lost 6 | . 6 Power . | . . Propulsion 2 | . 2 Utility . | . . Weapon 4 | . 4 Highest Loss Streak 4 | . 4 Average Slot Usage (%) 90 | . 90 Engine 14 | . 14 Wheel 26 | . 26 Storage 14 | . 14 Hackware 6 | . 6 Energy Gun 17 | . 17 Slashing Weapon 10 | . 10 Naked Turns . | . . Heaviest Build 41 | 11 41 Greatest Support 26 | 26 26 Greatest Overweight (x) 3 | . 3 Average Overweight (x) . | . . Largest Inventory Capacity 12 | 6 12 Average Capacity 6 | 5 6 Most Carried 7 | 2 7 Average Carried 3 | . 3 Final Capacity 12 | 6 12 Final Carried 6 | 2 6 Class Distribution -------------------- 100% | Mutant Dominant Class ---------------- Mutant | -10/Materials Resources | -11 -10 ----------- Run | Scr Mat Matter Collected 389 | 177 212 Remotely . | . . Salvage Created 351 | . 351 Parts 29 | . 29 Haulers Intercepted . | . . Recyclers Shooed . | . . Parts Field Recycled . | . . Retrieved Matter . | . . Parts Self-Destructed . | . . Prevented . | . . Kills | -11 -10 ------- Run | Scr Mat Combat Hostiles Destroyed 8 | . 8 Guns 8 | . 8 Classes Destroyed 6 | . 6 Worker 2 | . 2 Builder 1 | . 1 Recycler 1 | . 1 Operator 1 | . 1 Swarmer 4 | . 4 Grunt 4 | . 4 Best Kill Streak 5 | . 5 Combat Bots Only 2 | . 2 Max Kills in Single Turn 1 | . 1 Gunslinging . | . . Exploded . | . . Melee . | . . Uniques/NPCs Destroyed . | . . Combat | -11 -10 -------- Run | Scr Mat Damage Taken 668 | . 668 Core 191 | . 191 Absorbed by Shields . | . . Core Remaining (%) 100 | 100 . Volleys Fired 64 | . 64 Largest 2 | . 2 Hottest 80 | . 80 Shots Fired 77 | . 77 Gun 77 | . 77 Cannon . | . . Launcher . | . . Special . | . . Kinetic . | . . Thermal 77 | . 77 Explosive . | . . Electromagnetic . | . . Robot Hit Streak 9 | . 9 Robot Miss Streak 4 | . 4 Penetration Max . | . . Secondary Targets . | . . Shots Hit Robots 44 | . 44 Core Hits 17 | . 17 Critical Hits . | . . Critical Kills . | . . Critical Parts Destroyed . | . . Melee Attacks 8 | . 8 Impact . | . . Slashing 8 | . 8 Piercing . | . . Sneak Attacks 1 | . 1 Combat Hostiles . | . . Follow-up Attacks . | . . Damage Inflicted 696 | . 696 Guns 507 | . 507 Cannons . | . . Explosions . | . . Melee 189 | . 189 Ramming . | . . Kinetic . | . . Thermal 507 | . 507 Explosive . | . . Electromagnetic . | . . Impact . | . . Slashing 189 | . 189 Piercing . | . . Highest Corruption 3 | . 3 Average Corruption 2 | . 2 Corruption Purged . | . . Effects 11 | . 11 Message Errors 1 | . 1 Matter Fused 7 | . 7 Heat Flow Errors 1 | . 1 Data Loss (minor) 1 | . 1 Targeting Errors 1 | . 1 Overload Shots . | . . Overflow Damage 56 | . 56 Projectiles . | . . Explosions . | . . Melee 56 | . 56 Knockbacks . | . . Impact . | . . Kinetic . | . . Secondary . | . . Self-Inflicted Damage . | . . Shots . | . . Rammed . | . . Targets Rammed . | . . Kicked . | . . Crushed . | . . Highest Temperature 259 | . 259 Average Temperature 58 | . 58 Received Heat Transfer 258 | . 258 Siege Activations . | . . Robots Corrupted . | . . Combat Hostiles . | . . Parts Fried . | . . Impact Corruptions . | . . Robots Melted . | . . Combat Hostiles . | . . Parts Melted 1 | . 1 Heat Transferred 1219 | . 1219 Parts Sabotaged . | . . Parts Stolen . | . . Parts Stripped . | . . Power Chain Reactions . | . . Missiles Intercepted . | . . Alert | -11 -10 ------- Run | Scr Mat Peak Influence 292 | . 292 Initial . | . . Average 92 | . 106 Maximum Alert Level 1 | . 1 Low Security (%) 77 | 100 74 Level 1 22 | . 25 Level 2 . | . . Level 3 . | . . Level 4 . | . . Level 5 . | . . High Security . | . . Max Security . | . . Squads Dispatched 4 | . 4 Investigation 1 | . 1 Extermination . | . . Reinforcement 3 | . 3 Assault . | . . Garrison . | . . Intercept . | . . Construction Impeded . | . . Haulers Reinforced . | . . Stealth | -11 -10 --------- Run | Scr Mat Distress Signals . | . . Communications Jammed . | . . Distress Signals . | . . Times Spotted 22 | . 22 Peak Tracking Total 5 | . 5 Tactical Retreats . | . . Traps | -11 -10 ------- Run | Scr Mat Traps Triggered 4 | . 4 Indirectly . | . . Trap Hack Attempts . | . . Triggered . | . . Disarmed . | . . Reprogrammed . | . . Reused . | . . Traps Extracted . | . . Installed . | . . Triggered . | . . Machines | -11 -10 ---------- Run | Scr Mat Machines Disabled . | . . Max in Single Turn . | . . Machines Sabotaged . | . . Garrisons Compromised . | . . Overloaded Fab Kills . | . . Fab Network Shutdowns . | . . Hacking | -11 -10 --------- Run | Scr Mat Machines Accessed 4 | . 4 Terminals 3 | . 3 Fabricators . | . . Repair Stations 1 | . 1 Recycling Units . | . . Scanalyzers . | . . Garrison Access . | . . Total Hacks 8 | . 8 Successful 5 | . 5 Failed 3 | . 3 Catastrophic 1 | . 1 Database Lockouts . | . . Manual 6 | . 6 Terminals 6 | . 6 Fabricators . | . . Repair Stations 2 | . 2 Recycling Units . | . . Scanalyzers . | . . Garrison Access . | . . Terminal Hacks 1 | . 1 Branch Access Points 1 | . 1 Fabricator Hacks . | . . Repair Station Hacks 2 | . 2 Scan Component 1 | . 1 Repair 1 | . 1 Recycling Unit Hacks . | . . Scanalyzer . | . . Garrison Access Hacks . | . . Unauthorized Hacks 2 | . 2 Terminals 2 | . 2 Botnet 2 | . 2 Fabricators . | . . Repair Stations . | . . Recycling Units . | . . Scanalyzers . | . . Garrison Access . | . . Data Cores Recovered . | . . Used . | . . Hacking Detections 3 | . 3 Full Trace Events 1 | . 1 Feedback Events . | . . Feedback Blocked . | . . Robot Schematics Acquired . | . . Robots Built . | . . Matter . | . . Time . | . . Total Robot Build Rating . | . . Part Schematics Acquired . | . . Parts Built . | . . Matter . | . . Time . | . . Total Part Build Rating . | . . Parts Repaired 1 | . 1 Time 26 | . 26 Parts Recycled . | . . Recycled Matter . | . . Retrieved Matter . | . . Retrieved Components . | . . Parts Scanalyzed . | . . Part Schematics Acquired . | . . Parts Damaged . | . . Bothacking | -11 -10 ------------ Run | Scr Mat Used RIF Installer . | . . Robots Hacked . | . . Non-combat . | . . Combat . | . . Robot Hacks Applied . | . . Relay Couplers Released . | . . Robots Rewired . | . . Allies Hacked . | . . Hacks Repelled . | . . Allies | -11 -10 -------- Run | Scr Mat Total Allies 1 | . 1 Largest Group 1 | . 1 Highest-Rated Group 57 | . 57 Highest-Rated Ally 57 | . 57 Total Orders . | . . Ally Attacks 33 | . 33 Total Damage 328 | . 328 Kills 6 | . 6 Allies Corrupted . | . . Allies Melted . | . . Intel | -11 -10 ------- Run | Scr Mat Robot Analysis Total . | . . Derelict Logs Recovered . | . . Drone Launches . | . . Drone Recoveries . | . . Exploration | -11 -10 ------------- Run | Scr Mat Turns Passed 555 | 72 483 Spaces Moved 377 | 72 305 Core 9 | 9 . Treads . | . . Legs . | . . Wheels 368 | 63 305 Hover . | . . Flight . | . . Fastest Speed 50 | 50 80 Average Speed 87 | 84 88 Slowest Speed 110 | 90 110 Overloaded Moves . | . . Propulsion Burnouts . | . . Robots Hopped . | . . Cave-ins Triggered . | . . Exploration Rate (%) 29 | 5 54 Regions Visited 1 Branch Regions . Pre-discovered Areas . | . . Known Exits Taken . | . . Unknown Exits Taken 1 | 1 . Scrap Searched . | . . Spaces Dug . | . . Terrain Destroyed . | . . Melee . | . . Projectile . | . . AOE . | . . Terrain Rammed . | . . Walls Destroyed . | . . Machines Disabled . | . . Actions | -11 -10 --------- Run | Scr Mat Total 504 | 79 425 Wait 26 | . 26 Move 376 | 71 305 Hop . | . . Pick Up 10 | 2 8 Fast Attach 9 | 6 3 Attach 4 | . 4 Detach 1 | . 1 Swap 3 | . 3 Drop 3 | . 3 Fire 64 | . 64 Melee 8 | . 8 Ram . | . . Kick . | . . Crush . | . . Escape Stasis . | . . Rewire . | . . Trap . | . . Miscellaneous . | . . Route ------- -11/Scrapyard -10/Materials (discovered 2 exits: [*Mat] / Min) History --------- Turn | Location | Event 2 | -11/Scrapyard | Met Revision 17 16 | -11/Scrapyard | Discovered new exit (range 14) 73 | -11/Scrapyard | Entered Materials 179 | -10/Materials | Identified exit to Mines 329 | -10/Materials | Build established: Mutant 408 | -10/Materials | Repaired Wheel 432 | -10/Materials | Core integrity fell below 50% 450 | -10/Materials | Discovered new exit (range 8) 545 | -10/Materials | Core integrity fell below 20% 556 | -10/Materials | Destroyed by G-34 Mercenary with Small Laser Last Messages --------------- Player 2: "I was tossed in the Scrapyard at one point as well, but the details are all fuzzy." 00508_ Acquired Hover Unit. 00512_ U-05 Engineer lays Concrete. 00513_ G-34 Mercenary destroyed. Player 2: "Stay out of my line of fire!" 00522_ Wheel destroyed. 00527_ Med. Laser destroyed. 00527_ K-01 Serf collects debris. 00538_ G-34 Mercenary destroyed. 00538_ K-01 Serf collects debris. 00539_ System corrupted: Matter fused (-8). 00541_ Acquired Sml. Laser. 00542_ K-01 Serf collects debris. 00544_ Sml. Laser destroyed. 00546_ K-01 Serf collects debris. 00547_ G-34 Mercenary destroyed. 00549_ K-01 Serf collects debris. 00552_ U-05 Engineer lays Concrete. 00553_ Wheel destroyed. Map ----- +----------------------------------------------------+ | | | | | | | | | | | | | | | | | ?????????????????????????????????????????????????? | | ?????????????????????????????????????????????????? | | ?????????????????????????????????????????????????? | | ?????????????????????????????????????????????????? | | ?????????????????????????????????????????????????? | | ?????????????????????????????????????????????????? | | ?????????????????????????????????????????????????? | | ?????????????##########?????????????????????"##??? | | ?????????????+ #?????????????????????""#??? | | ?????????????# #?????######????????? #??? | | ?????????????# #????##!! !######???> #??? | | ?????????????# #????#! =! !## #??? #??? | | ?????????????# < #????#! !## #??? #??? | | ?????????????# ###### ## #?? #???? | | ?????######### =%gg =* ### #????? | | ???? = * =%% @ #????? | | ???? * ###%= *!k #????? | | ???? % #?#@ %! #????? | | ??????############# #?# %* u ! #????? | | ??????????????????#= #?# """ """ ! #???? | | ??????????????????#= #?# """ """ #???? | | ??????????????????# #?# """ """ +???? | | ??????????????????# *#?# #???? | | ??????????????????# #?# #???? | | ??????????????????# #?#######"T"##"Y"#######???? | | ????????????####### #???????######"""#?????????? | | ?????? #????????????#####?????????? | | ????????????####### #??????????????????????????? | | ?????????????????## ##?????????#############???? | | ?????????????????# ########### """ #???? | | ?????????????????# # "R" #???? | | ?????????????????# % # """ " " #???? | | ####?????????##### # """ #???? | | ?? ####### + """ #???? | | ??????######### ######## # #???? | | ??????????????# # # # #???? | | #??????????????# =# """ # #############???? | | #??????????????+ # """ # ???????????????? | | #??????????????# # """ # ??????????????? | | #??????????????# / """ # ?????????????? | | #??##??????????# # """ ########????????????? | | #?""???????????# *# #???????????????????? | +----------------------------------------------------+ Best States ------------- Heat Dissipation 25 Energy Generation 10 Energy Capacity 250 Matter Stores 300 Matter Capacity 300 Sight Range 16 Terrain Scan Density 10 Evasion (%) 50 Offensive Hacking 10 Item Schematics ----------------- None Robot Schematics ------------------ None Fabricated ------------ Nothing Alien Tech Used ----------------- None Achievements -------------- None Challenges ------------ None Player 2 | -11 -10 ---------- Run | Scr Mat Slots Evolved . | . . Power . | . . Propulsion . | . . Utility . | . . Weapon . | . . Parts Attached 14 | . 14 Parts Lost . | . . Damage Taken 127 | . 127 Core 62 | . 62 Player 2/Cogmind (%) 24 | . 24 Absorbed by Shields . | . . Damage Inflicted 328 | . 328 Player 2/Cogmind (%) 32 | . 32 Combat Hostiles Destroyed 4 | . 4 Player 2/Cogmind (%) 33 | . 33 Game ------ Seed LongswordDecoderMatter Manual? 0 Play Time 00:08:36 Cumulative 302.0 hours Start 2020.09.28 @ 17:38:02 End 2020.09.28 @ 17:42:47 Sessions 1 Manual Loads 0 Difficulty Rogue Special Mode AFD2020/Player2 Game No. 159 Rogue 2 Adventurer 52 Explorer 105 Win Type - Total 19 Types 17/0/1/0/0/0/0/1/0 Lore% 61 Gallery% 85 Achievement% 63 Wizard Run 0 Options --------- ASCII 0 Keyboard 0 Movement Mouse Keybinds 0 Fullscreen 2 Font 18/Terminus Map View 76x50 Tactical HUD 1 Map Filters NONE Filters SATURATION(100) Steam 1 RUN: fe752ee4-2b29-4d06-8576-3c12a4f83b32